 Dungeon Crawl Stone Soup version 0.23-a0-4-g8f018a2 (webtiles) character file.

1173 galech the Covert (level 8, 0/54 HPs)
             Began as an Octopode Assassin on July 31, 2018.
             Slain by a sky beast (2 damage)
             ... on level 5 of the Dungeon.
             The game lasted 00:06:40 (5267 turns).

galech the Covert (Octopode Assassin)               Turns: 5267, Time: 00:06:41

Health: 0/54       AC:  1    Str: 10    XL:     8   Next: 41%
Magic:  8/8        EV: 12    Int: 13    God:
Gold:   262        SH:  7    Dex: 16    Spells: 7/7 levels left

rFire    + . .     SeeInvis .   a - +2 dagger
rCold    . . .     Gourm    +   e - +0 shield
rNeg     . . .     Faith    .   (helmet restricted)
rPois    .         Spirit   .   o - amulet of the gourmand
rElec    .         Reflect  .   s - ring of protection from fire
rCorr    .         Harm     .   (no ring)
MR       .....                  (no ring)
Stlth    ++++++....             (no ring)
HPRegen  0.18/turn              (no ring)
MPRegen  0.11/turn              (no ring)
                                (no ring)
                                (no ring)

@: no status effects
A: almost no armour, stealthy swim, amphibious, 8 rings, constrict 8, camouflage
1, gelatinous body 1
a: no special abilities


You were on level 5 of the Dungeon.
You were very full.

You visited 1 branch of the dungeon, and saw 6 of its levels.

You collected 262 gold pieces.

Inventory:

Hand Weapons
 a - a +2 dagger (weapon)
 b - a +0 blowgun
Missiles
 c - 33 poisoned needles
 d - 2 curare-tipped needles
Armour
 e - a +0 shield (worn)
Jewellery
 o - an amulet of the gourmand (around mantle)
 s - a ring of protection from fire (left tentacle)
Scrolls
 g - 3 scrolls of remove curse
 h - a scroll of vulnerability {unknown}
 i - 5 scrolls of fog
 l - 2 scrolls of amnesia
 n - 4 scrolls of teleportation
 t - a scroll of blinking
 u - a scroll of fear
 v - a scroll of identify
Potions
 j - 2 potions of heal wounds {unknown}
 k - a potion of lignification {unknown}
 m - a potion of agility {unknown}
 p - 3 potions of curing {unknown}
 q - 4 potions of mutation {unknown}
 r - a potion of brilliance {unknown}
Comestibles
 f - 16 rations
 w - 3 chunks of flesh


   Skills:
 + Level 3.7 Fighting
 + Level 5.4 Short Blades
 + Level 2.0 Throwing
 + Level 3.4 Dodging
 + Level 10.4 Stealth
 + Level 1.7 Shields


You had 7 spell levels left.
You didn't know any spells.
Your spell library was empty.

Dungeon Overview and Level Annotations

Branches:
Dungeon (6/15)
 Temple: D:4-7

Altars:
Ashenzari
Hepliaklqana
Makhleb
Nemelex Xobeh
Uskayaw
Vehumet
Wu Jian


Innate Abilities, Weirdness & Mutations

You cannot wear most types of armour.
You are very stealthy in the water. (Stealth+)
You are amphibious.
You can wear up to eight rings at the same time.
You can use your tentacles to constrict eight enemies at once.
Your skin changes colour to match your surroundings (Stealth+).
Your rubbery body absorbs attacks. (AC +1, EV +1)


Message History

The orc priest mumbles some strange prayers to Beogh against you.
Beogh smites you! The sky beast barely misses you.
You climb upwards.
There is a stone staircase leading down here.
The sky beast flickers out of sight!
Deactivating autopickup; reactivate with Ctrl-A.
You hit something. Something hits you. Something shocks you.
* * * LOW HITPOINT WARNING * * *
You hit something. You miss something. Something hits you.
* * * LOW HITPOINT WARNING * * *
Something shocks you.
* * * LOW HITPOINT WARNING * * *
You hit something. Your squeeze misses something. Something hits you.
* * * LOW HITPOINT WARNING * * *
Something shocks you.
* * * LOW HITPOINT WARNING * * *
You hit something but do no damage. Your squeeze misses something.
Something hits you.
You die...

## #.##### #.#.##### .# #.....#
#.#......
+##########.#############.#).####
.....##.....#...........#.#..#...
......#....##.#########.#.#..#.##
............#.# #.#.#..#...
..####.####.#.# #.#.#..#..#
..##.....##...#########.#.#..#..#
..#.......#.....@.>...#.#.#..#..#
..#.......#.#.####....#.#.#.....#
......_.........##....#.#.##.#...
#.#.......#...#.##....#......####
..#.......#.#...##....###.#####..
#.##.....##...............# #.#
#.####.####.##...#.######### #.#
#...........[..............# #.#
###.###..)).##...#.#######.# #.#


There were no monsters in sight!

Vanquished Creatures
  2 ice beasts (D:5)
  A phantom (D:5)
  3 ogres
  A bullfrog (D:5)
  2 hounds
  A bullfrog skeleton (D:5)
  An orc wizard (D:4)
  3 orc priests
  A centaur skeleton (D:4)
  3 worker ants
  3 hound skeletons
  9 adders
  A gnoll (D:1)
  3 oozes (D:2)
  2 adder skeletons
  6 worms
  3 dart slugs
  7 leopard geckos
  18 orcs
  5 giant cockroaches
  7 goblins
  9 hobgoblins
  7 kobolds
  3 quokkas
  6 bats
  6 frilled lizards
  A jackal skeleton (D:4)
  A leopard gecko zombie (D:2)
  9 rats
124 creatures vanquished.

Notes
Turn   | Place    | Note
-------+----------+-------------------------------------------
     0 | D:1      | galech the Octopode Assassin began the quest for the Orb.
     0 | D:1      | Reached XP level 1. HP: 14/14 MP: 1/1
   147 | D:1      | Reached XP level 2. HP: 12/19 MP: 2/2
   222 | D:1      | Reached skill level 6 in Stealth
   748 | D:1      | Reached XP level 3. HP: 24/24 MP: 3/3
  1345 | D:2      | Reached XP level 4. HP: 29/29 MP: 4/4
  1452 | D:2      | Reached skill level 7 in Stealth
  2011 | D:2      | Found a radiant altar of Vehumet.
  2372 | D:3      | Found a burning altar of Makhleb.
  2382 | D:3      | Reached XP level 5. HP: 34/34 MP: 5/5
  2603 | D:3      | Found a shattered altar of Ashenzari.
  2981 | D:4      | Reached skill level 8 in Stealth
  3052 | D:4      | Found a sparkling altar of Nemelex Xobeh.
  3071 | D:4      | Found an ornate altar of the Wu Jian Council.
  3158 | D:4      | Reached XP level 6. HP: 31/40 MP: 6/6
  3553 | D:4      | Found a hide-covered altar of Uskayaw.
  3823 | D:4      | Reached skill level 9 in Stealth
  3913 | D:4      | Reached skill level 1 in Shields
  3913 | D:4      | Reached XP level 7. HP: 45/45 MP: 7/7
  4161 | D:5      | Entered Level 5 of the Dungeon
  4450 | D:5      | Reached skill level 5 in Short Blades
  4450 | D:5      | Reached XP level 8. HP: 52/52 MP: 8/8
  4458 | D:5      | Reached skill level 10 in Stealth
  4806 | D:5      | Found a hazy altar of Hepliaklqana.
  5266 | D:5      | HP: 2/54 [something (5)]
  5267 | D:5      | Slain by a sky beast

Vault maps used:
D:1:      onia_arrival_mini_maze_b
D:2:      marbit_many_paths, minivault_27, st_stairs_7
D:3:      evilmike_ruin_ashenzari, lemuel_doored_altar
D:4:      kennysheep_mini_moat, lemuel_round_altar, old_standard_altar,
          first_ration
D:5:      old_standard_altar
D:6:      elyvilon_altar_4

Skill      XL: |  1  2  3  4  5  6  7  8 |
---------------+-------------------------+-----
Stealth        | 6 7 8 9 10 | 10.4
Short Blades   | 3 4 5 |  5.4
Dodging        | 2 3 |  3.4
Shields        | 1 |  1.7
Fighting       | 3 |  3.7
Throwing       | |  2.0

Action                   |  1- 3 |  4- 6 |  7- 9 || total
-------------------------+-------+-------+-------++-------
Melee: Dagger            |    48 |   153 |    57 ||   258
       Constrict         |    10 |    32 |    10 ||    52
       Tentacles         |     7 |    28 |    15 ||    50
  Use: Scroll            |       |     7 |     1 ||     8
 Stab: Sleeping          |    18 |    26 |    10 ||    54
       Distracted        |     1 |     1 |       ||     2
  Eat: Chunk             |     1 |    20 |     4 ||    25
Armor: Skin              |     2 |     8 |     1 ||    11
Dodge: Dodged            |    20 |    44 |    10 ||    74
Block: Shield            |     4 |    23 |    15 ||    42

Table legend:
 A = Spawn XP
 B = Non-spawn XP
 C = Spawn XP percentage of total XP
 D = Spawn monster count
 E = Non-spawn monster count
 F = Spawn count percentage of total count
 G = Total turns spent on level
                    A         B        C        D         E        F      G
               +---------+---------+-------+---------+---------+-------+---------
         Total |       0 |    1677 |   0.0 |       0 |     124 |   0.0 |  5267
               +---------+---------+-------+---------+---------+-------+---------
           D:1 |       0 |      53 |   0.0 |       0 |      24 |   0.0 |  1127
           D:2 |       0 |      81 |   0.0 |       0 |      26 |   0.0 |   943
           D:3 |       0 |     109 |   0.0 |       0 |      25 |   0.0 |   857
           D:4 |       0 |     442 |   0.0 |       0 |      28 |   0.0 |  1234
           D:5 |       0 |     951 |   0.0 |       0 |      20 |   0.0 |  1092
           D:6 |       0 |      41 |   0.0 |       0 |       1 |   0.0 |    14
               +---------+---------+-------+---------+---------+-------+---------
